Map: Simulacrum LE

Players

Saya

  • Race: Protoss Protoss
  • League: Diamond
  • Spawn Location: 5:00

FroztByte

  • Race: Protoss Protoss
  • League: Diamond
  • Spawn Location: 11:00

Flitzer

  • Race: Terran Terran
  • League: Master

Meep

  • Race: Terran Terran
  • League: Master

VOD

Have the link to the VOD?

Description

Time

  • Played on: May 3, 2020, 1:13 p.m.
  • Length: 21:06
Show
View Real Time Build Order
Export as new Build Order

Saya Protoss 

Build Orders: 1 Gate Expand, Blink Stalkers 

Get SALT Encoding   

  12  0:01  Probe  
  13  0:13  Probe  
  14  0:19  Pylon  
  14  0:25  Probe  
  15  0:33  Probe  
  15  0:40  Gateway  
  15  0:42  Probe  
  16  0:48  Assimilator  
  17  0:52  Probe  
  18  1:00  Probe  
  19  1:08  Probe  
  20  1:18  Probe  
  21  1:27  Cybernetics Core  
  21  1:39  Nexus  
  21  1:43  Pylon  
  21  1:48  Assimilator  
  21  1:54  Probe  
  22  1:56  Stalker  
  22  2:06  Probe, Warp Gate  
  25  2:18  Probe  
  26  2:28  Stalker  
  28  2:30  Probe  
  29  2:42  Probe  
  30  2:48  Probe  
  30  2:54  Twilight Council, Probe  
  30  2:56  Probe  
  32  3:04  Blink  
  33  3:06  Probe x2  
  35  3:14  Stalker  
  35  3:18  Probe  
  38  3:20  Gateway  
  38  3:21  Gateway  
  38  3:34  Probe x2  
  40  3:46  Probe x2  
  40  3:47  Pylon  
  42  3:50  Robotics Facility  
  42  3:59  Stalker  
  42  4:00  Probe x2  
  46  4:03  Assimilator  
  46  4:04  Pylon  
  46  4:05  Assimilator  
  46  4:12  Probe x2  
  46  4:16  Stalker x2  
  52  4:24  Probe x2  
  54  4:35  Pylon  
  54  4:36  Probe x2  
  54  4:37  Stalker  
  54  4:38  Observer  
  59  4:47  Nexus  
  59  4:51  Pylon  
  59  4:54  Observer  
  60  5:00  Probe x2  
  60  5:05  Charge  
  62  5:12  Probe  
  62  5:13  Probe  
  64  5:21  Observer  
  64  5:33  Probe x2  
  66  5:37  Gateway x2  
  66  5:41  Gateway  
  66  5:42  Observer  
  67  5:44  Robotics Bay  
  67  5:52  Sentry x2, Zealot  
  67  5:56  Probe x2  
  75  5:59  Probe, Pylon  
  75  6:03  Pylon  
  76  6:08  Probe  
  76  6:09  Probe  
  78  6:12  Observer  
  78  6:19  Probe  
  78  6:21  Probe x2, Zealot x3  
  87  6:32  Colossus  
  87  6:44  Zealot x5  
  103  6:47  Extended Thermal Lance  
  103  6:49  Probe x3, Pylon  
  103  6:51  Assimilator  
  103  6:52  Pylon, Assimilator  
  106  7:04  Probe x2  
  106  7:05  Probe  
  109  7:14  Zealot x2  
  109  7:15  Zealot x3  
  113  7:26  Probe x3  
  113  7:29  Forge  
  116  7:31  Templar Archives  
  116  7:33  Protoss Ground Armor Level 1  
  116  7:34  Gateway  
  116  7:35  Gateway  
  116  7:38  Pylon  
  116  7:40  Gateway  
  116  7:41  Gateway  
  116  7:47  Stalker x4  
  124  7:55  Psionic Storm  
  124  7:56  Colossus  
  124  7:59  Nexus  
  124  8:02  Pylon  
  124  8:05  Observer  
  130  8:17  High Templar  
  132  8:23  Pylon  
  132  8:25  Pylon x2  
  132  8:34  Robotics Facility  
  132  8:37  Probe x2  
  132  8:38  Probe  
  135  8:41  High Templar x2  
  135  8:42  Colossus, High Templar  
  141  8:49  Probe  
  141  8:50  Probe x2  
  141  8:53  Pylon  
  141  8:54  Forge, High Templar x2  
  154  8:58  Archon  
  154  9:04  Probe x3  
  157  9:13  Warp Prism  
  157  9:25  Probe  
  157  9:26  Probe x3  
  157  9:28  Assimilator  
  157  9:29  Assimilator  
  157  9:31  Stalker x5  
  158  9:35  Protoss Ground Armor Level 2  
  151  9:43  Protoss Ground Weapons Level 1  
  149  9:50  Probe  
  149  9:51  Probe x3  
  153  10:01  Disruptor x2  
  153  10:02  Probe  
  160  10:12  High Templar x2  
  164  10:23  Zealot x6  
  164  10:24  Zealot  
  178  10:31  Probe x3  
  178  10:32  Probe  
  177  10:35  Pylon  
  177  10:36  Pylon x2  
  177  10:40  Gateway x2  
  177  10:42  Pylon, Gateway  
  171  10:43  Probe x2  
  171  10:44  Probe x2  
  171  10:49  Disruptor x2  
  169  11:06  Probe  
  169  11:07  Probe  
  171  11:13  Gateway x2  
  171  11:17  Pylon  
  171  11:18  Pylon  
  165  11:34  Protoss Ground Weapons Level 2  
  165  11:36  Zealot x9  
  165  11:37  Zealot x3  
  176  12:02  Nexus  
  176  12:03  Pylon  
  176  12:04  Zealot x6, Assimilator  
  176  12:05  Zealot x6, Assimilator  
  176  12:06  Pylon  
  178  12:29  Protoss Ground Armor Level 3  
  168  12:34  Zealot x2  
  172  12:45  Shield Battery, Photon Cannon x2  
  172  12:48  Photon Cannon  
  172  12:51  Photon Cannon  
  172  12:58  Observer  
  172  13:01  Observer  
  164  13:18  Observer x2  
  164  13:33  Zealot x6  
  149  13:42  Disruptor x2  
  117  13:49  Stalker  
  117  13:50  Stalker x4  
  117  13:51  Stalker x7  
  117  13:52  Stalker x2  
  151  13:58  Observer  
  151  14:08  Colossus x2  
  151  14:12  Assimilator  
  151  14:13  Nexus, Protoss Ground Weapons Level 3  
  151  14:14  Pylon  
  151  14:16  Assimilator  
  150  14:17  Pylon  
  150  14:18  Observer  
  144  14:32  High Templar x3  
  144  14:37  Zealot x2  
  144  14:38  Zealot x9  
  171  14:56  Colossus  
  171  14:59  Zealot x7  
  185  15:00  Zealot x4  
  185  15:02  Protoss Shields Level 1  
  161  15:27  Archon  
  143  15:29  Zealot x7  
  143  15:30  Zealot x7  
  143  15:33  Disruptor  
  169  15:36  Gravitic Drive  
  169  15:43  Disruptor  
  171  16:07  Stalker x7  
  171  16:08  Stalker x6  
  171  16:09  Stalker  
  189  16:18  Disruptor x2  
  179  16:32  High Templar x4  
  191  16:35  Zealot x3  
  193  17:31  Zealot x3  
  193  17:33  Nexus  
  193  17:35  Assimilator  
  193  17:36  Assimilator  
  195  17:41  Pylon  
  195  17:42  Pylon  
  191  17:51  Zealot x4  
  151  18:14  Zealot x4  
  151  18:15  Zealot x7  
  151  18:16  Zealot x2  
  159  18:35  Nexus  
  159  18:36  Zealot x4  
  159  18:39  Pylon  
  159  18:40  Zealot x9  
  181  19:15  Nexus  
  156  19:39  Stalker  
  156  19:40  Stalker x7  
  156  19:41  Stalker x5  
  179  19:55  Probe x5  
  180  20:02  Pylon, Nexus  
  180  20:05  Zealot x2, Assimilator  
  180  20:06  Zealot x11  
  190  20:07  Probe x2  
  190  20:08  Probe  
  186  20:51  Gateway  
  186  20:56  Zealot x10  
Show
View Real Time Build Order
Export as new Build Order

FroztByte Protoss 

Build Orders:  

Get SALT Encoding   

  12  0:01  SCV  
  13  0:13  SCV  
  14  0:17  Supply Depot  
  14  0:25  SCV  
  15  0:38  SCV  
  15  0:39  Barracks  
  16  0:45  Refinery  
  16  0:52  SCV  
  17  1:04  SCV  
  18  1:16  SCV  
  19  1:27  Reaper  
  19  1:28  Orbital Command  
  20  1:45  Command Center  
  20  2:01  Barracks Reactor  
  20  2:02  SCV  
  21  2:08  Supply Depot  
  21  2:14  SCV  
  22  2:26  SCV  
  22  2:29  Factory  
  23  2:33  Barracks  
  23  2:38  SCV  
  24  2:45  Refinery  
  24  2:46  Marine x2  
  24  2:50  SCV  
  27  2:58  Bunker  
  27  3:00  Orbital Command  
  27  3:02  SCV  
  27  3:04  Marine x2  
  29  3:14  SCV  
  29  3:17  Starport  
  30  3:20  Widow Mine  
  30  3:25  Barracks Tech Lab  
  30  3:26  SCV  
  33  3:28  SCV  
  33  3:33  Marine x2  
  36  3:38  SCV  
  37  3:43  SCV  
  37  3:45  Stimpack  
  38  3:49  Supply Depot, Widow Mine  
  38  3:51  SCV  
  38  3:55  Medivac  
  43  3:58  SCV  
  44  4:03  SCV  
  44  4:05  Supply Depot  
  45  4:11  SCV, Widow Mine  
  45  4:13  Supply Depot, Marine  
  45  4:15  SCV, Marine  
  51  4:19  Marine  
  51  4:23  SCV  
  53  4:27  SCV  
  53  4:30  Starport Tech Lab  
  54  4:32  Factory Tech Lab  
  54  4:40  SCV x2  
  54  4:41  Marine x3  
  59  4:51  Siege Tank  
  62  4:57  Refinery, Command Center  
  62  4:58  Marine  
  62  4:59  Marine  
  64  5:01  SCV x2  
  64  5:02  Engineering Bay  
  64  5:05  Marine  
  64  5:06  Refinery  
  67  5:09  Raven  
  67  5:13  SCV  
  70  5:17  SCV  
  70  5:19  Marine x2  
  67  5:22  Marine  
  67  5:26  SCV  
  67  5:29  SCV  
  67  5:32  Supply Depot  
  67  5:33  Terran Infantry Weapons Level 1, Factory Reactor  
  68  5:37  Marine x2  
  70  5:50  Supply Depot  
  70  5:51  Supply Depot  
  70  5:53  Marine  
  70  5:54  SCV  
  70  5:55  Marine  
  73  5:58  Marine  
  73  6:02  SCV  
  73  6:03  Starport Reactor  
  75  6:08  Barracks  
  75  6:09  Barracks x2  
  75  6:11  Marine  
  75  6:13  Marine  
  75  6:16  SCV  
  77  6:19  Supply Depot, Marine  
  77  6:21  Orbital Command  
  78  6:28  SCV  
  78  6:30  Marine  
  79  6:40  Marine  
  79  6:42  Orbital Command, Barracks Tech Lab  
  79  6:43  Medivac x2  
  83  6:48  Marine  
  80  7:10  Marine x2  
  80  7:13  Medivac  
  74  7:18  Marine  
  64  7:23  SCV  
  64  7:24  SCV  
  64  7:27  SCV  
  64  7:28  Marine x2, Barracks Tech Lab  
  64  7:29  Marauder x2  
  73  7:32  Terran Infantry Armor Level 1  
  73  7:35  Armory, SCV  
  73  7:36  SCV  
  73  7:37  Engineering Bay, Marauder  
  77  7:43  Widow Mine x2  
  81  7:46  Marine x2  
  81  7:47  SCV  
  81  7:48  SCV, Marauder  
  81  7:50  Marauder  
  81  7:51  Marauder  
  91  7:53  Supply Depot  
  91  7:54  Barracks  
  91  7:55  Ghost Academy, Barracks  
  91  7:57  Sensor Tower  
  91  7:58  Marauder  
  93  7:59  SCV  
  93  8:00  SCV, Liberator  
  93  8:02  Medivac  
  93  8:04  Marine  
  101  8:09  Widow Mine  
  101  8:10  Widow Mine  
  101  8:12  SCV x2, Marauder  
  109  8:19  Missile Turret  
  109  8:22  Supply Depot  
  109  8:24  SCV x2  
  109  8:25  Command Center  
  111  8:27  Ghost x2  
  111  8:33  Supply Depot  
  115  8:35  Refinery, Marine  
  115  8:36  SCV, Marine x2  
  115  8:37  SCV, Refinery  
  115  8:40  Supply Depot, Widow Mine  
  122  8:42  Barracks Tech Lab  
  122  8:43  Barracks Tech Lab  
  122  8:45  Medivac  
  122  8:47  Terran Infantry Weapons Level 2  
  124  8:59  Marauder x4  
  132  9:07  Marauder  
  134  9:11  Marauder, Marine x2  
  134  9:17  Liberator x2  
  138  9:20  Marauder, Marine  
  138  9:21  Marauder  
  149  9:29  Marauder  
  148  9:33  Marauder x2  
  148  9:36  Marine  
  140  9:38  Marauder  
  140  9:42  Marauder  
  143  9:47  Marauder  
  143  9:49  SCV  
  143  9:51  Marauder  
  148  9:55  Marauder x2  
  148  9:57  Terran Infantry Armor Level 2  
  148  9:59  Marine x2  
  156  10:00  Marauder  
  156  10:01  Medivac x2  
  156  10:03  Marauder  
  156  10:05  Missile Turret  
  162  10:07  Marine  
  162  10:09  SCV  
  164  10:18  Planetary Fortress, Missile Turret  
  164  10:31  Marauder, Marine x2  
  164  10:34  Marine x2  
  164  10:35  Marauder  
  163  10:36  Marauder  
  163  10:41  SCV x2  
  163  10:42  Marauder  
  164  10:46  Liberator  
  164  10:49  Marine x2  
  162  10:52  Marauder x2  
  162  10:53  SCV  
  162  10:54  SCV  
  162  10:55  SCV  
  164  11:01  Marine  
  164  11:11  Supply Depot  
  164  11:13  Supply Depot  
  164  11:15  Supply Depot  
  164  11:19  SCV, Marine  
  164  11:22  Ghost x2  
  164  11:23  SCV x2, Marauder x3, Marine x2  
  150  11:35  SCV  
  150  11:37  Ghost  
  153  11:40  Marine x2  
  153  11:45  Marauder x3  
  153  11:50  SCV  
  153  11:52  Marauder x2  
  152  11:55  Command Center  
  152  11:58  Marine x2  
  152  12:00  SCV  
  145  12:06  Marauder x4  
  145  12:07  Combat Shield  
  144  12:11  Factory Reactor  
  144  12:12  Marine  
  144  12:13  Marauder  
  143  12:16  Marine x2  
  143  12:20  SCV  
  136  12:27  Marauder x2, Marine x2  
  125  12:31  SCV, Marauder  
  125  12:32  SCV  
  125  12:33  SCV  
  125  12:34  Marauder, Marine x2  
  134  12:44  SCV  
  134  12:45  SCV x2, Marauder x2  
  134  12:48  Marine x2  
  134  12:49  Liberator x2  
  148  12:52  Marine x3  
  148  12:55  SCV  
  148  12:56  SCV, Marauder  
  148  12:57  SCV  
  156  12:58  Refinery  
  156  12:59  Missile Turret, Refinery  
  156  13:06  Marauder, Marine x2  
  156  13:07  Marauder  
  156  13:09  Marine x2  
  156  13:10  Marauder  
  156  13:17  Marauder  
  156  13:18  SCV  
  156  13:19  SCV  
  160  13:20  Missile Turret  
  160  13:24  Marauder, Marine  
  160  13:25  SCV  
  164  13:27  Starport, Marine x2  
  164  13:28  Marauder x2  
  164  13:30  Starport  
  164  13:32  Liberator x2  
  164  13:34  Marine  
  167  13:46  Marauder, Marine  
  131  13:51  Marauder x2  
  131  13:52  Marauder x3, Marine  
  131  13:54  SCV x2  
  140  13:57  SCV  
  145  14:02  Widow Mine  
  145  14:03  Widow Mine  
  145  14:04  Marine  
  145  14:05  Starport Reactor  
  145  14:08  Marauder  
  145  14:09  Starport Reactor  
  147  14:10  Fusion Core  
  147  14:13  Marauder x3  
  151  14:28  Marauder x2  
  151  14:30  Marine  
  151  14:31  Marauder, Liberator x2  
  152  14:34  Marauder  
  152  14:38  SCV x3  
  162  14:39  Marauder x2, Marine  
  168  14:47  Ghost Academy  
  168  14:48  Marine  
  168  14:49  SCV  
  168  14:50  SCV  
  171  15:03  Marauder x3, Marine x3  
  169  15:14  Liberator  
  169  15:17  Marauder  
  158  15:21  Marauder  
  158  15:26  Marauder x2, Marine x4  
  138  15:32  Medivac  
  138  15:33  Medivac x2, Liberator x2  
  148  15:38  SCV  
  148  15:39  Marauder  
  148  15:40  SCV  
  151  15:47  Advanced Ballistics  
  143  15:50  Marauder  
  143  15:51  Marauder  
  143  15:52  SCV  
  146  15:57  Concussive Shells  
  146  16:00  Planetary Fortress  
  146  16:01  SCV  
  146  16:02  SCV x2  
  149  16:05  SCV  
  141  16:16  SCV x2  
  141  16:18  Marauder  
  144  16:20  Marauder x2, Marine  
  144  16:21  Marauder x3  
  145  16:36  Liberator x2  
  145  16:39  Marauder  
  153  16:50  Marauder x3  
  157  17:04  Liberator x2  
  160  17:18  Marauder  
  160  17:19  Marauder x5, Marine x2  
  171  17:42  Marauder x2, Marine  
  173  17:51  Marauder  
  173  17:52  Marauder x3, Marine  
  177  18:00  Marine  
  177  18:04  Marauder x2  
  175  18:10  Marine  
  165  18:13  Marauder x3, Marine  
  165  18:18  Marine  
  168  18:25  Marauder, Liberator x3  
  175  18:31  Command Center  
  175  18:32  Marauder, Marine x2  
  174  18:39  Medivac, Marauder x2, Marine  
  179  18:43  Medivac  
  169  18:49  Refinery, Marine  
  169  18:50  Refinery  
  169  18:52  Marauder x2, Marine  
  158  18:58  Marine  
  158  18:59  Marauder  
  161  19:04  SCV x2  
  163  19:15  SCV  
  167  19:31  Marauder x3, Marine x2  
  151  19:43  Marauder, Marine  
  151  19:44  Refinery, Orbital Command  
  147  19:47  Marine  
  147  19:50  Planetary Fortress  
  139  20:04  Refinery  
  139  20:06  Medivac x2  
  115  20:24  Marauder x2, Marine x2  
  99  20:43  Marauder, Marine x2  
  99  20:44  Marauder x2, Marine  
Show
View Real Time Build Order
Export as new Build Order

Flitzer Terran 

Build Orders:  

Get SALT Encoding   

Show
View Real Time Build Order
Export as new Build Order

Meep Terran 

Build Orders:  

Get SALT Encoding   

Tags
 
Add a new tag
Caveats
  • Supply blocks, unpowered buildings, or Contaminate may cause inaccurate times.
  • Supply counts are checked every 10 seconds.